 Dungeon Crawl Stone Soup version 0.26-a0-1060-g086102a3f0 (webtiles) character file.

Game seed: 13176584291305191812

4141 sokol815 the Carver (level 10, -3/90 HPs)
             Began as a White Draconian Fighter on Dec 13, 2020.
             Was an Initiate of Gozag.
             Collided with a rock wall (18 damage)
             ... caused by Erica
             ... on level 8 of the Dungeon.
             The game lasted 00:22:54 (8885 turns).

sokol815 the Carver (White Draconian Fighter)       Turns: 8885, Time: 00:22:54

Health: -3/90      AC: 11    Str: 19    XL:     10   Next: 7%
Magic:  14/14      EV: 10    Int: 10    God:    Gozag
Gold:   502        SH:  9    Dex: 12    Spells: 4/15 levels left

rFire    . . .     SeeInvis .   a - +0 long sword
rCold    + . .     Faith    .   L - +0 kite shield
rNeg     . . .     Spirit   .   (armour unavailable)
rPois    .         Reflect  .   M - +0 hat
rElec    .         Harm     .   u - +0 cloak
rCorr    .         Rampage  .   s - +2 pair of gloves
Will     .....                  (no boots)
Stlth    +.........             (no amulet)
HPRegen  0.25/turn              (no ring)
MPRegen  0.14/turn              (no ring)

@: lethally poisoned (-3 -> -7), short of breath
A: breathe frost, unfitting armour, cold resistance 1, cold-blooded, AC +7
a: Breathe Frost, Potion Petition, Call Merchant, Bribe Branch, Renounce
Religion


You were on level 8 of the Dungeon.
You worshipped Gozag.
Gozag was pleased with you.
You visited 2 branches of the dungeon, and saw 9 of its levels.

You collected 658 gold pieces.
You paid 156 gold pieces to Gozag.

Inventory:

Hand Weapons
 a - a +0 long sword (weapon)
 b - the +9 short sword "Hulk" {holy, Str+2}
   (You found it on level 6 of the Dungeon)

   It has been blessed by the Shining One to cause great damage to the undead
   and demons.
   It affects your strength (+2).
 I - a +0 trident
Missiles
 k - 222 stones
 n - 83 sling bullets
 p - 5 atropa-tipped darts
 q - 23 boomerangs
 t - 31 poisoned darts (quivered)
 x - 47 bolts
 H - 8 javelins
Armour
 s - a +2 pair of gloves (worn)
 u - a +0 cloak (worn)
 L - a +0 kite shield (worn)
 M - a +0 hat (worn)
Wands
 c - a wand of random effects (28)
 i - a wand of disintegration (17)
 y - a wand of polymorph (12)
 A - a wand of flame (41)
 D - a wand of acid (5)
 G - a wand of enslavement (12)
 J - a wand of iceblast (9)
Scrolls
 d - 6 scrolls of teleportation
 e - a scroll of enchant weapon {unknown}
 g - a scroll of amnesia {unknown}
 j - 3 scrolls of remove curse
 m - a scroll of enchant armour {unknown}
 o - 2 scrolls of noise {unknown}
 r - 3 scrolls of magic mapping {unknown}
 v - a scroll of blinking {unknown}
 w - 2 scrolls of immolation {unknown}
 z - a scroll of fear {unknown}
Potions
 f - 6 potions of curing
 h - 3 potions of haste
 l - a potion of heal wounds
 B - a potion of lignification {unknown}
 C - a potion of attraction
 E - 3 potions of ambrosia
 F - 3 potions of magic
 K - a potion of brilliance {unknown}


   Skills:
 + Level 8.5 Fighting
 * Level 10.3 Long Blades
 - Level 2.6 Dodging
 - Level 3.0 Shields
 - Level 3.0 Spellcasting
 + Level 3.3 Hexes
 * Level 6.4 Ice Magic


You had 4 spell levels left.
You knew the following spells:

 Your Spells              Type           Power        Failure   Level
a - Metabolic Englaciati  Hex/Ice        ##........   99%         5
b - Confusing Touch       Hex            #.......     69%         3
c - Ozocubu's Armour      Ice            ##......     28%         3

Your spell library contained the following spells:

 Spells                   Type           Power        Failure   Level
 Freeze                   Ice            ##..         10%         1
 Frozen Ramparts          Ice            ##....       28%         3
 Animate Skeleton         Necr           #.....       78%         1
 Pain                     Necr           #...         78%         1
 Gell's Gravitas          Tloc           #.........   98%         3
 Vampiric Draining        Necr           #.........   98%         3
 Hailstorm                Conj/Ice       #.......     98%         4
 Summon Ice Beast         Ice/Summ       #.......     98%         4
 Animate Dead             Necr           #.........   100%        4
 Petrify                  Tmut/Erth      #.......     100%        4
 Agony                    Necr           #.......     100%        5
 Yara's Violent Unravell  Hex/Tmut       #.........   100%        5


Dungeon Overview and Level Annotations

Branches:
Dungeon (8/15)             Temple (1/1) D:7
   Lair: D:8-11

Altars:
Ashenzari
Cheibriados
Dithmenos
Elyvilon
Fedhas
Gozag
Hepliaklqana
Kikubaaqudgha
Makhleb
Nemelex Xobeh
Okawaru
Qazlal
Ru
Sif Muna
Trog
Uskayaw
Vehumet
Wu Jian
Xom
Zin
The Shining One

Shops:
D:6 }

Annotations:
D:3 Ijyb
D:5 2 runed translucent doors
D:7 Prince Ribbit
D:8 Erica


Innate Abilities, Weirdness & Mutations

You can breathe waves of freezing cold.
You can buffet flying creatures when you breathe cold.
Your icy white scales are hard. (AC +7)
You cannot fit into any form of body armour.
Your flesh is cold resistant. (rC+)
You are cold-blooded and may be slowed by cold attacks.


Message History

You feel sick.
Erica hits you with a +2 scimitar of flaming!
Erica burns you.
You closely miss Erica.
Erica is heavily wounded.
You feel sick. You block Erica's attack.
Your shield prevents you from hitting Erica.
Erica is heavily wounded.
You feel sick. Erica barely misses you.
You riposte.
You closely miss Erica.
Erica is heavily wounded.
You closely miss Erica.
Erica is heavily wounded.
You feel sick. Erica casts a spell at you. The lance of force hits you!!
* * * LOW HITPOINT WARNING * * *
You are knocked back by the lance of force.
You slam into the rock wall!
You die...
Your body crumbles into a pile of gold.

#.# .########## #.# #.
#.# #. #.# #. #.# #.#
#.#### #.. #....# #..
####.####.@#####
#..........@...#
######.##.###...###.#
.......##.......# #.#
.########.###.### #.#
.# #.# #. ##.## .# #.#
# #.#.# .# #.#
##.######## ### .##
#.###.#####.##.....#...
..# #[.............#
#.#.###


You could see Erica.

Vanquished Creatures
  Gastronok (D:8)
  Duvessa (D:4)
  2 orc warriors
  A sky beast (D:5)
  7 ogres
  4 centaurs
  2 bullfrogs
  Dowan (D:4)
  3 scorpions
  2 howler monkeys (D:7)
  A bullfrog zombie (D:7)
  A jelly (D:7)
  A hound (D:7)
  2 orc priests
  A bullfrog skeleton (D:5)
  5 orc wizards
  Terence (D:3)
  2 iguanas
  Natasha (twice) (D:4)
  3 worker ants
  A hound skeleton (D:4)
  A worker ant zombie (D:8)
  13 adders
  7 gnolls
  2 shadow imps (D:5)
  An ufetubus (D:7)
  2 oozes
  An adder skeleton (D:4)
  An adder zombie (D:8)
  A worm (D:2)
  A dart slug (D:1)
  6 leopard geckos
  23 orcs
  8 ball pythons
  8 giant cockroaches
  6 goblins
  8 hobgoblins
  22 jackals
  5 quokkas
  3 bats
  7 frilled lizards
  9 kobolds
  7 rats
186 creatures vanquished.

Notes
Turn   | Place    | Note
-------+----------+-------------------------------------------
     0 | D:1      | sokol815 the Draconian Fighter began the quest for the Orb.
     0 | D:1      | Reached XP level 1. HP: 19/19 MP: 1/1
   186 | D:1      | Reached XP level 2. HP: 24/26 MP: 2/2
   514 | D:1      | Reached skill level 3 in Long Blades
   665 | D:1      | Reached XP level 3. HP: 33/33 MP: 3/3
   896 | D:2      | Found a faded altar of an unknown god.
  1236 | D:2      | Reached skill level 4 in Long Blades
  1236 | D:2      | Reached XP level 4. HP: 35/40 MP: 4/4
  1955 | D:3      | Reached XP level 5. HP: 27/47 MP: 5/5
  2124 | D:3      | Noticed Ijyb
  2283 | D:3      | Noticed Terence
  2314 | D:3      | Killed Terence
  2315 | D:3      | Reached skill level 5 in Long Blades
  2631 | D:3      | You fall into a shaft and drop 1 floor!
  2787 | D:4      | Noticed a centaur
  2795 | D:4      | Killed a centaur
  2796 | D:4      | Reached skill level 5 in Fighting
  2796 | D:4      | Reached XP level 6. HP: 47/56 MP: 6/6
  2876 | D:4      | Reached skill level 6 in Long Blades
  3279 | D:4      | Noticed Duvessa
  3280 | D:4      | Noticed Dowan
  3291 | D:4      | Killed Duvessa
  3292 | D:4      | Your scales start taking on an icy white colour.
  3292 | D:4      | Reached XP level 7. HP: 37/62 MP: 7/7
  3292 | D:4      | Gained mutation: Your flesh is cold resistant. (rC+) [White
                  | Draconian growth]
  3293 | D:4      | Killed Dowan
  3592 | D:4      | Reached skill level 7 in Long Blades
  4160 | D:4      | Reached skill level 8 in Long Blades
  4160 | D:4      | Reached XP level 8. HP: 10/71 MP: 8/8
  4591 | D:4      | Noticed Natasha
  4594 | D:4      | Killed Natasha
  4873 | D:4      | Noticed Natasha
  4887 | D:4      | Killed Natasha
  5141 | D:5      | Entered Level 5 of the Dungeon
  5144 | D:5      | Found an iron altar of Okawaru.
  5145 | D:5      | Found a hazy altar of Hepliaklqana.
  5370 | D:5      | Found a runed translucent door.
  5371 | D:5      | Found a runed translucent door.
  5645 | D:5      | Found a broken altar of Ashenzari.
  5768 | D:5      | Learned a level 5 spell: Metabolic Englaciation
  6016 | D:6      | Found Xamn's Gadget Shoppe.
  6110 | D:6      | Reached skill level 1 in Ice Magic
  6154 | D:6      | Reached skill level 9 in Long Blades
  6154 | D:6      | Reached skill level 1 in Hexes
  6157 | D:6      | Reached skill level 1 in Spellcasting
  6375 | D:7      | Learned a level 3 spell: Confusing Touch
  6404 | D:7      | Reached XP level 9. HP: 27/79 MP: 11/11
  6821 | D:6      | Got a shimmering short sword
  6822 | D:6      | Identified the +9 short sword "Hulk" {holy, Str+2} (You
                  | found it on level 6 of the Dungeon)
  6861 | D:6      | Found a white marble altar of Elyvilon.
  7067 | D:5      | Found a glowing silver altar of Zin.
  7067 | D:5      | Found a stormy altar of Qazlal.
  7071 | D:5      | Found a radiant altar of Vehumet.
  7358 | D:7      | Found a staircase to the Ecumenical Temple.
  7375 | Temple   | Entered the Ecumenical Temple
  7539 | Temple   | Became a worshipper of Gozag Ym Sagoz the Greedy
  7579 | D:7      | Learned a level 3 spell: Ozocubu's Armour
  7937 | D:7      | Noticed Prince Ribbit
  8175 | D:7      | Found a snail-covered altar of Cheibriados.
  8180 | D:7      | Found a sparkling altar of Nemelex Xobeh.
  8185 | D:7      | Found a blossoming altar of Fedhas.
  8595 | D:8      | Noticed Gastronok
  8617 | D:8      | HP: 2/81 [Gastronok (25)]
  8633 | D:8      | Killed Gastronok
  8634 | D:8      | Reached skill level 10 in Long Blades
  8634 | D:8      | Reached XP level 10. HP: 36/90 MP: 12/14
  8874 | D:8      | Noticed Erica
  8885 | D:8      | Collided with a rock wall

Illustrated notes

Levels and vault maps discovered:
D:1:      minmay_arrival_semitransparent, layout_basic, serial_forest,
          infiniplex_forest_corner_1, infiniplex_forest_clump_C,
          infiniplex_forest_clump_large, infiniplex_forest_clump_double,
          infiniplex_forest_lined_room_, infiniplex_forest_lined_room_3,
          infiniplex_forest_clump_medium
D:2:      layout_basic, chequers_ecumenical_altar_simple
D:3:      layout_basic, grunt_ministairs_10, uniq_terence, uniq_ijyb
D:4:      layout_basic, hangedman_decor_riveting,
          chequers_serial_rivers_micro_c, uniq_natasha, uniq_duvessa
D:5:      lemuel_insect_pit, layout_loops_ring, nicolae_overflow_hidden_temple,
          cheibrodos_ashenzari_chains, saegor_snake_ambush
D:6:      layout_rooms, general_overflow_altar, serial_shops, shop_coins,
          hangedman_decor_slide_cut
D:7:      layout_loops_cross, minmay_overflow_temple_star_quad,
          minmay_temple_entry_tees, uniq_prince_ribbit1
D:8:      layout_loops_ring, uniq_gastronok, uniq_erica
Temple:   minmay_temple_curvy_loop

Skill      XL: |  1  2  3  4  5  6  7  8  9 |
---------------+----------------------------+-----
Long Blades    | 3 4 5 6 8 9 10 | 10.3
Fighting       | 4 5 6 7 8 |  8.5
Ice Magic      | 3 6 |  6.4
Hexes          | 1 3 |  3.3
Spellcasting   | 1 3 |  3.0
Dodging        | |  2.6
Shields        | |  3.0

Action                   |  1- 3 |  4- 6 |  7- 9 | 10-12 || total
-------------------------+-------+-------+-------+-------++-------
Melee: Long sword        |   110 |   186 |   376 |    15 ||   687
       Tailslap          |    16 |    34 |    70 |     3 ||   123
       Short sword       |       |       |    27 |       ||    27
Throw: Dart              |       |     3 |     3 |       ||     6
 Abil: Breathe Frost     |       |       |     9 |     2 ||    11
Evoke: Wand              |       |       |     3 |       ||     3
  Use: Scroll            |     2 |     3 |     5 |       ||    10
       Potion            |       |     1 |     5 |       ||     6
Armor: Skin              |    39 |    60 |   146 |     2 ||   247
Dodge: Dodged            |    46 |    77 |   175 |     2 ||   300
Block: Kite shield       |    57 |    98 |   179 |     2 ||   336
       Rpst.: Long sword |    19 |    25 |    51 |     2 ||    97

Table legend: (Time is in decaauts)
 A = Elapsed time spent in this place.
 B = Non-inter-level travel time spent in this place.
 C = Inter-level travel time spent in this place.
 D = Time resting spent in this place.
 E = Time spent auto-exploring this place.
 F = Levels seen in this place.
 G = Mean time per level.
                   A        B        C        D        E       F      G
               +--------+--------+--------+--------+--------+-----+--------+
         Total |   9004 |   8392 |    612 |   2388 |   4356 |   9 | 1000.4 |
       Dungeon |   8816 |   8227 |    589 |   2388 |   4197 |   8 | 1102.0 |
        Temple |    187 |    164 |     23 |      0 |    159 |   1 |  187.0 |
               +--------+--------+--------+--------+--------+-----+--------+

Top non-repeatable levels by time:
     D:4: 2382 daAuts
     D:7: 1586 daAuts
     D:3: 1134 daAuts
     D:1: 881 daAuts
     D:5: 857 daAuts
     D:2: 844 daAuts
     D:6: 621 daAuts
     D:8: 508 daAuts
  Temple: 187 daAuts
